 Dungeon Crawl Stone Soup version 0.30-a0-364-gf6b3ef1049 (webtiles) character file.

Game seed: 6778742600996614520

162 Ijustatesigmund the Magician (level 5, -5/29 HPs)
             Began as a Deep Elf Fire Elementalist on Nov 16, 2022.
             Slain by a raiju (9 damage)
             ... on level 1 of the Abyss.
             The game lasted 00:04:31 (3511 turns).

Ijustatesigmund the Magician (DEFE)                 Turns: 3511, Time: 00:04:32

Health: -5/29      AC:  3    Str:  5    XL:     5   Next: 19%
Magic:  7/14       EV: 17    Int: 22    God:
Gold:   157        SH:  0    Dex: 21    Spells: 6/13 levels left

rFire   . . .      SeeInvis .    v - +2 short sword (holy)
rCold   . . .      Faith    .    (no shield)
rNeg    . . .      Spirit   .    a - +0 robe
rPois   .          Reflect  .    h - +0 helmet
rElec   .          Harm     .    (no cloak)
rCorr   .          Rampage  .    (no gloves)
Will    .....                    (no boots)
Stlth   ++........               (no amulet)
HPRegen 0.24/turn                i - +6 ring of dexterity
MPRegen 0.14/turn                n - +4 ring of evasion

@: no status effects
A: no striking features
a: no special abilities


You were on level 1 of the Abyss.
You visited 1 branch of the dungeon, and saw 4 of its levels.
You visited the Abyss 1 time.

You collected 157 gold pieces.

Inventory:

Hand Weapons
 f - a +0 dagger
 j - a +2 vorpal hammer
 v - a +2 short sword of holy wrath (weapon)
Armour
 a - a +0 robe (worn)
 h - a +0 helmet (worn)
Jewellery
 e - a ring of fire
 i - a +6 ring of dexterity (left hand)
 n - a +4 ring of evasion (right hand)
Scrolls
 d - 2 scrolls of enchant weapon
Potions
 b - a potion of magic
 c - a potion of ambrosia
 k - a potion of brilliance
 l - a potion of lignification {unknown}
 o - a potion of mutation {unknown}
 p - a potion of flight {unknown}
 q - 3 potions of curing {unknown}
 s - a potion of attraction {unknown}
 t - a potion of invisibility {unknown}
 u - a potion of degeneration {unknown}
 x - a potion of haste {unknown}


   Skills:
 - Level 1.0 Fighting
 - Level 2.4 Dodging
 - Level 2.4 Stealth
 + Level 4.7 Spellcasting
 + Level 3.1 Conjurations
 + Level 4.5 Fire Magic


You had 6 spell levels left.
You knew the following spells:

 Your Spells              Type           Power      Damage    Failure   Level
a - Foxfire               Conj/Fire      88%        2x1d8     2%          1
b - Scorch                Fire           50%        2d7       2%          2
c - Flame Wave            Conj/Fire      22%        2d8       22%         4

Your spell library contained the following spells:

 Spells                   Type           Power      Damage    Failure   Level
 Inner Flame              Hex/Fire       15%        N/A       12%         3
 Kindle Blastsparks       Fire/Tloc/Air  22%        2d11      17%         3
 Summon Guardian Golem    Hex/Summ       5%         N/A       30%         3
 Summon Cactus Giant      Summ           2%         N/A       100%        6
 Orb of Destruction       Conj           9%         9d6       100%        7
 Spellforged Servitor     Conj/Summ      6%         N/A       100%        7


Dungeon Overview and Level Annotations

Branches:
Dungeon (4/15)
 Temple: D:4-7

Altars:
Kikubaaqudgha
Nemelex Xobeh

Annotations:
D:2 1 runed translucent door, Crazy Yiuf


Message History

The raiju's fire resistance burns away.
The raiju bursts into living lightning!
The living lightning hits you!!
Ouch! That really hurt!
* * * LOW HITPOINT WARNING * * *
The raiju blinks! x2
A raiju comes into view.
The raiju closely misses you.
You feel much better.
The raiju barks!
You hear a bark!
The raiju bites you! The raiju shocks you!
Casting: Scorch (safe; 2% risk of failure)
Confirm with . or Enter, or press ? or * to list all spells.
Flames lash the raiju.
The raiju is burned terribly!
The raiju is moderately wounded.
You hear a bark!
The raiju bursts into living lightning!
The living lightning misses you.
The raiju blinks!
The raiju bursts into living lightning!
The living lightning misses you.
The raiju blinks!
A raiju comes into view.
You feel much better.
The raiju bursts into living lightning!
The living lightning hits you!
The raiju blinks!
The raiju barely misses you.
Casting: Scorch (safe; 2% risk of failure)
Confirm with . or Enter, or press ? or * to list all spells.
Flames lash the raiju.
The raiju is burned terribly!
The raiju is severely wounded.
The raiju bites you. The raiju shocks you!
* * * LOW HITPOINT WARNING * * *
The raiju closely misses you.
Casting: Scorch (safe; 2% risk of failure)
Confirm with . or Enter, or press ? or * to list all spells.
Flames lash the raiju.
The raiju is lightly wounded.
The raiju's fire resistance burns away.
The raiju closely misses you. The raiju bites you.
* * * LOW HITPOINT WARNING * * *
The raiju shocks you!
You die...

.. .# ##... ..
.##.#..### #. .# . .
.. .. .# #..#
.##..#.# .#.#..# #.
. . .##h.h.#
...#...##@## #.
###..#.h.# # #....
#...##..#
#..##..##.......##.#
# #. .....#.....# .#
...###....#.###...#
.. ..#...#.###..#
..... . #.
...#..#......##.. #
### ..#...##. . .


You could see 3 raiju.

Vanquished Creatures
  2 vampire bats (D:4)
  2 adders
  A worm (D:2)
  2 dart slugs
  2 orcs (D:4)
  3 bats
  2 bat skeletons (D:4)
  4 bat zombies (D:4)
  5 endoplasms
  A giant cockroach (D:1)
  5 goblins
  4 hobgoblins
  4 kobolds
  7 quokkas
  3 ball pythons
  2 frilled lizards
  5 rats
54 creatures vanquished.

Vanquished Creatures (others)
  119 foxfires
119 creatures vanquished.

Grand Total: 173 creatures vanquished

Notes
Turn   | Place    | Note
-------+----------+-------------------------------------------
     0 | D:1      | Ijustatesigmund the Deep Elf Fire Elementalist began the
                  | quest for the Orb.
     0 | D:1      | Reached XP level 1. HP: 10/10 MP: 6/6
   247 | D:1      | Reached XP level 2. HP: 14/15 MP: 5/8
   250 | D:1      | Learned a level 2 spell: Scorch
   316 | D:1      | Found a faded altar of an unknown god.
  1100 | D:2      | Found a runed translucent door.
  1101 | D:2      | Noticed Crazy Yiuf
  1309 | D:2      | Reached XP level 3. HP: 19/19 MP: 8/10
  2633 | D:3      | Reached skill level 1 in Fighting
  2799 | D:4      | Reached XP level 4. HP: 25/25 MP: 10/12
  2818 | D:4      | Learned a level 4 spell: Flame Wave
  3000 | D:4      | Found a sparkling altar of Nemelex Xobeh.
  3247 | D:4      | Reached XP level 5. HP: 28/29 MP: 1/14
  3338 | D:4      | Found an ancient bone altar of Kikubaaqudgha.
  3432 | Abyss:1  | Cast into level 1 of the Abyss (orc)
  3498 | Abyss:1  | Noticed a raiju
  3502 | Abyss:1  | Noticed a raiju
  3506 | Abyss:1  | Noticed a raiju
  3511 | Abyss:1  | Slain by a raiju

Illustrated notes

Levels and vault maps discovered:
D:1:      ebering_trefoil_twist, layout_basic,
          hellmonk_ecumenical_altar_leap_of_faith
D:2:      layout_rooms, item_on_display_a, uniq_crazy_yiuf_cottage
D:3:      layout_basic, chequers_garden
D:4:      layout_loops_corners, nemelex_spade_bored_becter,
          kennysheep_vampire_church, temple_fountains
Abyss:1:  base:
D:4

Skill      XL: |  1  2  3  4 |
---------------+-------------+-----
Conjurations   | 2 3 |  3.1
Spellcasting   | 4 |  4.7
Fire Magic     | 4 |  4.5
Fighting       | 1 |  1.0
Dodging        | |  2.4
Stealth        | |  2.4

Action                   |  1- 3 |  4- 6 || total
-------------------------+-------+-------++-------
Melee: Mace              |       |     1 ||     1
 Cast: Foxfire           |    63 |    11 ||    74
       Scorch            |     7 |    17 ||    24
  Use: Scroll            |       |     6 ||     6
       Potion            |       |     2 ||     2
Armor: Robe              |     4 |     5 ||     9
Dodge: Dodged            |     9 |    55 ||    64

Table legend: (Time is in decaauts)
 A = Elapsed time spent in this place.
 B = Non-inter-level travel time spent in this place.
 C = Inter-level travel time spent in this place.
 D = Time resting spent in this place.
 E = Time spent auto-exploring this place.
 F = Levels seen in this place.
 G = Mean time per level.
                   A        B        C        D        E       F      G
               +--------+--------+--------+--------+--------+-----+--------+
         Total |   3508 |   3338 |    170 |     93 |   2859 |   5 |  701.6 |
       Dungeon |   3429 |   3259 |    170 |     64 |   2829 |   4 |  857.2 |
         Abyss |     78 |     78 |      0 |     29 |     30 |   1 |   78.0 |
               +--------+--------+--------+--------+--------+-----+--------+

Top non-repeatable levels by time:
     D:1: 1090 daAuts
     D:3: 997 daAuts
     D:2: 697 daAuts
     D:4: 644 daAuts
 Abyss:1: 78 daAuts
